 Dungeon Crawl Stone Soup version 0.19-a0-665-g79b24d5 (webtiles) character file.

175 Laan the Conjurer (level 5, -3/35 HPs)
             Began as a Mummy Wizard on June 16, 2016.
             Killed from afar by an orc wizard (7 damage)
             ... with a magic dart
             ... on level 3 of the Dungeon.
             The game lasted 00:06:11 (3253 turns).

Laan the Conjurer (Mummy Wizard)                    Turns: 3253, Time: 00:06:11

Health: -3/35      AC:  2    Str: 11    XL:     5   Next: 29%
Magic:  4/9        EV: 12    Int: 18    God:
Gold:   104        SH:  0    Dex: 10    Spells: 3 memorised, 3 levels left

rFire  x . .     SeeInvis .     d - +2 short sword (venom)
rCold  + . .     Gourm    .     a - +0 robe
rNeg   + + +     Faith    .     (no shield)
rPois  ∞         Spirit   .     b - +0 hat
rElec  .         Dismiss  .     (no cloak)
rCorr  .         Reflect  .     (no gloves)
SustAt .         Harm     .     (no boots)
MR     .....                    (no amulet)
Stlth  ++........               (no ring)
                                (no ring)

@: very slightly contaminated, not resistant to hostile enchantments, unstealthy
A: no food or potions, fire vulnerability, cold resistance 1, negative energy
resistance 3, torment resistance, unbreathing
a: no special abilities


You were on level 3 of the Dungeon.
You were not hungry.

You visited 1 branch of the dungeon, and saw 3 of its levels.

You collected 104 gold pieces.

Inventory:

Hand Weapons
 d - a +2 short sword of venom (weapon)
Armour
 a - a +0 robe (worn)
 b - a +0 hat (worn)
Scrolls
 e - 2 scrolls of recharging {unknown}
 f - 4 scrolls of identify {unknown}
 g - 2 scrolls of fog {unknown}
 h - a scroll of random uselessness {unknown}
 i - a scroll of remove curse {unknown}
 j - a scroll of blinking {unknown}
Books
 c - a book of Minor Magic

   Spells                             Type                      Level
   a - Magic Dart                     Conjuration                  1
   b - Blink                          Translocation                2
   c - Call Imp                       Summoning                    2
   d - Repel Missiles                 Charms/Air                   2
   e - Slow                           Hexes                        2
   f - Conjure Flame                  Conjuration/Fire             3
   g - Mephitic Cloud                 Conjuration/Poison/Air       3


   Skills:
 - Level 1.5 Dodging
 - Level 1.5 Stealth
 - Level 3.0 Spellcasting
 + Level 4.3 Conjurations
   Level 0.7 Summonings
   Level 0.7 Translocations


You had 3 spell levels left.
You knew the following spells:

 Your Spells              Type           Power        Failure   Level  Hunger
a - Magic Dart            Conj           ###.         2%          1    N/A
b - Conjure Flame         Conj/Fire      ##......     24%         3    N/A
c - Mephitic Cloud        Conj/Pois/Air  #.......     30%         3    N/A

Dungeon Overview and Level Annotations

Branches:
Dungeon (3/15)

Altars:
Elyvilon


Innate Abilities, Weirdness & Mutations

You do not eat or drink.
Your flesh is vulnerable to fire.
You are immune to poison.
Your flesh is cold resistant. (rC+)
You are immune to negative energy. (rN+++)
You are immune to unholy pain and torment.
You can survive without breathing.


Message History

You are very lightly contaminated with residual magic.
Nothing appears to happen.
The orc closely misses you.
Casting: Magic Dart
Confirm with . or Enter, or press ? or * to list all spells.
Aiming: Magic Dart
Press: ? - help, Shift-Dir - straight line, f/p - orc
Aim: an orc, wielding a trident and wearing a chain mail (heavily wounded)
The magic dart hits the orc.
You kill the orc!
You start resting.
Something hits you.
* * * LOW HITPOINT WARNING * * *
You miss something. Something hits you.
* * * LOW HITPOINT WARNING * * *
You hit something. Something hits you but does no damage.
You barely miss something.
You hear some strange, mumbled words.
A magic dart appears from out of thin air!
The magic dart hits you!
You die...

#.# #.#.#.##.
#####.### #.#.#.##.
.......## #.#.#.##.
.......###...#.##.
#.....).....##.##.
#.................
#.)...#####.##....
#.#####)#######.#####.
#....@........).......
##########......######
########


There were no monsters in sight!

Vanquished Creatures
  An orc priest (D:3)
  6 adders
  An ooze (D:2)
  2 worms (D:2)
  4 dart slugs
  A giant gecko (D:1)
  3 orcs (D:3)
  A ball python (D:1)
  2 giant cockroaches
  8 goblins
  10 hobgoblins
  2 jackals (D:3)
  11 kobolds
  A quokka (D:2)
  7 bats
  5 giant newts
  10 rats
  A toadstool (D:1)
76 creatures vanquished.

Vanquished Creatures (others)
  3 toadstools (D:1)
3 creatures vanquished.

Grand Total: 79 creatures vanquished

Notes
Turn   | Place    | Note
--------------------------------------------------------------
     0 | D:1      | Laan the Mummy Wizard began the quest for the Orb.
     0 | D:1      | Reached XP level 1. HP: 13/13 MP: 4/4
    30 | D:1      | Reached skill level 1 in Conjurations
   382 | D:1      | Reached XP level 2. HP: 18/19 MP: 0/6
   540 | D:1      | Reached skill level 2 in Conjurations
   828 | D:1      | Reached XP level 3. HP: 24/24 MP: 4/7
  1708 | D:2      | Reached skill level 3 in Conjurations
  1906 | D:2      | Reached XP level 4. HP: 30/30 MP: 6/8
  2073 | D:2      | Learned a level 3 spell: Conjure Flame
  2077 | D:2      | Learned a level 3 spell: Mephitic Cloud
  2956 | D:3      | Reached skill level 4 in Conjurations
  3022 | D:3      | Reached XP level 5. HP: 35/35 MP: 4/9
  3133 | D:3      | Found a white marble altar of Elyvilon.
  3253 | D:3      | Killed from afar by an orc wizard

Vault maps used:
D:1:      ldierk_walled_garden_2, minmay_misc_feat_room, amethyst_killhole,
          wad_floor_pattern_1, serial_bayou_lagoon_a
D:2:      st_stairs_14, minmay_surrounded
D:3:      elyvilon_altar_4, uniq_iyjb, uniq_grinder

Skill      XL: |  1  2  3  4 |
---------------+-------------+-----
Conjurations   | 1 2 3 4 |  4.3
Dodging        | |  1.5
Stealth        | |  1.5
Spellcasting   | |  3.0
Summonings     | |  0.7
Translocations | |  0.7

Action                   |  1- 3 |  4- 6 || total
-------------------------+-------+-------++-------
Melee: Short sword       |    30 |     6 ||    36
       Unarmed           |     1 |       ||     1
 Cast: Magic Dart        |   100 |    73 ||   173
Armor: Robe              |     8 |       ||     8
Dodge: Dodged            |    31 |    11 ||    42
